 Dungeon Sprint DCSS version 0.26-a0-1102-g347fe5baa7 (webtiles) character file.

Game seed: 3433829051940323037

30 rocky1 the Chiller (level 3, 0/19 HPs)
             Began as a Deep Elf Ice Elementalist on Dec 15, 2020.
             Was a Believer of Sif Muna.
             Slain by an orc
             ... wielding a +0 trident
              (2 damage)
             ... in the Dungeon (Sprint VII: "The Pits").
             The game lasted 00:02:03 (536 turns).

rocky1 the Chiller (Deep Elf Ice Elementalist)       Turns: 536, Time: 00:02:04

Health: 0/19       AC:  2    Str:  5    XL:     3   Next: 3%
Magic:  9/9        EV: 13    Int: 20    God:    Sif Muna [**....]
Gold:   0          SH:  0    Dex: 15    Spells: 1/8 levels left

rFire    . . .     SeeInvis .   m - +1 quarterstaff (protect)
rCold    . . .     Faith    .   (shield currently unavailable)
rNeg     . . .     Spirit   .   a - +0 robe
rPois    .         Reflect  .   (no helmet)
rElec    .         Harm     .   (no cloak)
rCorr    .         Rampage  .   (no gloves)
Will     .....     NoTele   +   (no boots)
Stlth    ++........             (no amulet)
HPRegen  0.06/turn              (no ring)
MPRegen  0.11/turn              (no ring)

@: no status effects
A: no striking features
a: Channel Magic, Renounce Religion


You were in the Dungeon.
You worshipped Sif Muna.
Sif Muna was pleased with you.
You visited 1 branch

Inventory:

Hand Weapons
 m - a +1 quarterstaff of protection (weapon)
Armour
 a - a +0 robe (worn)
Scrolls
 h - a scroll of blinking
 i - 3 scrolls of remove curse
 j - 5 scrolls of amnesia
 k - a scroll of summoning
Potions
 b - 2 potions of invisibility
 c - 6 potions of curing
 d - 5 potions of heal wounds
 e - a potion of haste
 f - 4 potions of magic
 g - 3 potions of berserk rage


   Skills:
 + Level 0.9 Staves
 - Level 2.4 Dodging
 - Level 2.4 Stealth
 - Level 3.0 Spellcasting
 + Level 7.9 Ice Magic


You had one spell level left.
You knew the following spells:

 Your Spells              Type           Power        Failure   Level
a - Freeze                Ice            ####         1%          1
b - Frozen Ramparts       Ice            ####..       1%          3
c - Ozocubu's Armour      Ice            ####....     1%          3

Your spell library contained the following spells:

 Spells                   Type           Power        Failure   Level
 Hailstorm                Conj/Ice       ###.....     28%         4
 Summon Ice Beast         Ice/Summ       ###.....     28%         4


Dungeon Overview and Level Annotations

Branches:
Dungeon (1/1)

Altars:
Ashenzari
Cheibriados
Dithmenos
Elyvilon
Fedhas
Gozag
Hepliaklqana
Kikubaaqudgha
Makhleb
Nemelex Xobeh
Okawaru
Qazlal
Ru
Sif Muna
Trog
Uskayaw
Vehumet
Wu Jian
Xom
Yredelemnul
Zin
The Shining One
Beogh
Jiyva
Lugonu


Message History

You open the door.
A jackal, 3 orcs and an orc priest come into view.
There is an open door here.
The orc shouts! x2; You hear a bark!
The orc priest invokes the aid of Beogh against you.
Beogh smites you!
Ouch! That really hurt!
* * * LOW HITPOINT WARNING * * *
The orc hits you from afar with a +0 trident.
* * * LOW HITPOINT WARNING * * *
An orc wizard comes into view. It is wielding a +0 dagger.
There is an open door here.
You feel much better.
A jackal comes into view.
The orc priest calls down the wrath of Beogh upon you.
Beogh smites you!
Ouch! That really hurt!
* * * LOW HITPOINT WARNING * * *
The orc hits you from afar with a +0 trident.
You die...

#.#..#))#[[##.....
#.#..'..#))#####'#
#.#..####))##.....
#.#..#..#))##.....
#.#..#..#..##.....
#.##รท#..#'###...<.
#.#........##.....
#.#........##.....
#@###########.....
#..o..o.# ######
#h###oo.# #.# .#
#.# #.. #.. #.h
####


You could see an orc priest, an orc wizard, 2 orcs and 2 jackals.

Vanquished Creatures
  An adder (D)
  2 oozes (D)
  An adder skeleton (D)
  A leopard gecko (D)
  A bat zombie (D)
  A giant cockroach (D)
  A frilled lizard (D)
  2 kobolds (D)
10 creatures vanquished.

Notes
Turn   | Place    | Note
-------+----------+-------------------------------------------
     0 | D        | rocky1 the Deep Elf Ice Elementalist began the quest for
                  | the Orb.
     0 | D        | Reached XP level 1. HP: 10/10 MP: 6/6
    19 | D        | Reached skill level 6 in Ice Magic
    19 | D        | Reached XP level 2. HP: 11/15 MP: 5/8
   181 | D        | Found a bloodstained altar of Trog.
   181 | D        | Found a shimmering blue altar of Sif Muna.
   181 | D        | Found a viscous altar of Jiyva.
   181 | D        | Found a hazy altar of Hepliaklqana.
   181 | D        | Found an opulent altar of Gozag.
   182 | D        | Found a glowing golden altar of the Shining One.
   182 | D        | Found a glowing silver altar of Zin.
   182 | D        | Found a basalt altar of Yredelemnul.
   182 | D        | Found a shimmering altar of Xom.
   182 | D        | Found an ornate altar of the Wu Jian Council.
   182 | D        | Found a sacrificial altar of Ru.
   182 | D        | Found a stormy altar of Qazlal.
   182 | D        | Found an iron altar of Okawaru.
   182 | D        | Found a sparkling altar of Nemelex Xobeh.
   182 | D        | Found a burning altar of Makhleb.
   182 | D        | Found a blossoming altar of Fedhas.
   182 | D        | Found a white marble altar of Elyvilon.
   182 | D        | Found a shadowy altar of Dithmenos.
   182 | D        | Found a snail-covered altar of Cheibriados.
   184 | D        | Found a radiant altar of Vehumet.
   184 | D        | Found a corrupted altar of Lugonu.
   184 | D        | Found a roughly hewn altar of Beogh.
   185 | D        | Found a hide-covered altar of Uskayaw.
   185 | D        | Found an ancient bone altar of Kikubaaqudgha.
   185 | D        | Found a broken altar of Ashenzari.
   187 | D        | Became a worshipper of Sif Muna the Loreminder
   207 | D        | Reached skill level 7 in Ice Magic
   220 | D        | Reached * piety under Sif Muna
   271 | D        | Reached ** piety under Sif Muna
   402 | D        | Reached XP level 3. HP: 13/19 MP: 9/9
   524 | D        | Learned a level 3 spell: Frozen Ramparts
   528 | D        | Learned a level 3 spell: Ozocubu's Armour
   536 | D        | Slain by an orc

Illustrated notes

Levels and vault maps discovered:
D:        pitsprint [storerooms_1, entrance_room_1, metal_vault_3, armoury_2,
          mini_pit_1, grid_room_1, main_hall_1, silver_pit, the_coven_3,
          the_vestibule_1, steel_vault_4, golden_pit, hallway_of_sentries,
          crystal_vault_4, iron_vault_5, final_vault]

Skill      XL: |  1  2 |
---------------+-------+-----
Ice Magic      | 6 7 |  7.9
Staves         | |  0.9
Dodging        | |  2.4
Stealth        | |  2.4
Spellcasting   | |  3.0

Action                   || total
-------------------------++-------
Melee: Quarterstaff      ||    13
 Cast: Freeze            ||     8
  Use: Potion            ||     1
Armor: Robe              ||     7
Dodge: Dodged            ||    22

Table legend: (Time is in decaauts)
 A = Elapsed time spent in this place.
 B = Non-inter-level travel time spent in this place.
 C = Inter-level travel time spent in this place.
 D = Time resting spent in this place.
 E = Time spent auto-exploring this place.
 F = Levels seen in this place.
 G = Mean time per level.
                   A        B        C        D        E       F      G
               +--------+--------+--------+--------+--------+-----+--------+
         Total |    538 |    538 |      0 |    345 |      0 |   1 |  538.0 |
       Dungeon |    538 |    538 |      0 |    345 |      0 |   1 |  538.0 |
               +--------+--------+--------+--------+--------+-----+--------+

Top non-repeatable levels by time:
       D: 538 daAuts
